 Dungeon Crawl Stone Soup version 0.30-a0-354-g6b83867211 (webtiles) character file.

Game seed: 1559171407807911977

309 mopl the Shooter (level 7, -1/58 HPs)
             Began as a Meteoran Hunter on Nov 7, 2022.
             Killed from afar by Natasha (8 damage)
             ... with a puff of flame
             ... on level 2 of the Dungeon.
             The game lasted 00:02:27 (810 turns).

mopl the Shooter (Meteoran Hunter)                   Turns: 810, Time: 00:02:28

Health: -1/58      AC:  3    Str: 14    XL:     7   Next: 1%
Magic:  8/8        EV: 13    Int: 11    God:
Gold:   34         SH:  0    Dex: 18    Spells: 6/6 levels left

rFire   . . .      SeeInvis .    a - +0 shortbow
rCold   . . .      Faith    .    (shield currently unavailable)
rNeg    . . .      Spirit   .    c - +0 leather armour
rPois   .          Reflect  .    (no helmet)
rElec   .          Harm     .    (no cloak)
rCorr   .          Rampage  .    (no gloves)
Will    .....                    (no boots)
Stlth   +.........               (no amulet)
HPRegen 0.29/turn                (no ring)
MPRegen 0.11/turn                (no ring)

@: glowing
A: sense surroundings 1, otherworldly, glowing, explore regen
a: no special abilities


You were on level 2 of the Dungeon.
You visited 1 branch of the dungeon, and saw 2 of its levels.

You collected 88 gold pieces.
You spent 54 gold pieces at shops.

Inventory:

Hand Weapons
 a - a +0 shortbow (weapon)
 b - a +0 quarterstaff
Missiles
 h - 4 poisoned darts
Armour
 c - a +0 leather armour (worn)
Jewellery
 p - a ring of flight
Scrolls
 e - a scroll of blinking {unknown}
 f - a scroll of teleportation {unknown}
 i - 2 scrolls of poison {unknown}
 k - a scroll of magic mapping {unknown}
 l - a scroll of immolation
Potions
 d - a potion of ambrosia {unknown}
 g - 2 potions of curing {unknown}
 j - 2 potions of resistance {unknown}
 m - a potion of haste {unknown}
 n - a potion of mutation {unknown}
 o - a potion of berserk rage {unknown}


   Skills:
 + Level 3.7 Fighting
 * Level 6.2 Ranged Weapons
 + Level 3.0 Armour
 + Level 4.1 Dodging
 - Level 0.6 Stealth


You had 6 spell levels left.
You didn't know any spells.
Your spell library contained the following spells:

 Spells                   Type           Power      Damage    Failure   Level
 Kiss of Death            Conj/Necr      0%         2d5       41%         1
 Magic Dart               Conj           0%         1d3       41%         1
 Searing Ray              Conj           0%         2d4       54%         2
 Confusing Touch          Hex            0%         N/A       78%         3
 Dispel Undead            Necr           0%         3d6       99%         4
 Fulminant Prism          Conj/Hex       0%         3d5       99%         4


Dungeon Overview and Level Annotations

Branches:
Dungeon (2/15) Zot: 346

Altars:

Shops:
D:2 *

Annotations:
D:2 Natasha


Innate Abilities, Weirdness & Mutations

You passively map a small area around you.
You are easily found by Zot.
You glow in the dark.
You regain HP and MP as you explore.


Message History

You shoot an arrow. The arrow closely misses Natasha.
Natasha casts a spell at you. The magic dart hits you.
* * * LOW HITPOINT WARNING * * *
Fire: a) +0 shortbow
Press: ? - help, Q - select action, (/) - cycle Shift-Dir - straight line, f/p - Natasha
Aim: Natasha (lightly wounded, 59% to hit)
You shoot an arrow.
The arrow hits Natasha but does no damage.
Natasha is lightly wounded.
Natasha casts a spell at you. The magic dart hits you.
* * * LOW HITPOINT WARNING * * *
Fire: a) +0 shortbow
Press: ? - help, Q - select action, (/) - cycle Shift-Dir - straight line, f/p - Natasha
Aim: Natasha (lightly wounded, 59% to hit)
You shoot an arrow. The arrow hits Natasha!
You kill Natasha!
Natasha growls in agony!
Your Armour skill increases to level 3!
You have reached level 7!
Things that are here:
the felid corpse of Natasha; a hobgoblin corpse
Items here: )) ††.
Items here: ))) [[ †††.
The endoplasm quivers.
Things that are here:
a +0 club; a frilled lizard corpse; a quokka corpse Natasha, Servant of Life and Death comes into view.
She is carrying a wand of flame (19).
Natasha hisses angrily.
Items here: $ )) ? †.
Things that are here:
a +0 club; a frilled lizard corpse; a quokka corpse
Items here: ))) [[ †††.
Natasha zaps a wand.
The puff of flame hits you!
* * * LOW HITPOINT WARNING * * *
Natasha howls an incantation.
You feel troubled.
Natasha zaps a wand.
The puff of flame hits you!
You die...

#<#######
####.#...#.#######
)....†..∩.......>#
####.#.#...#.###†#
...#.##....# #.#
###...##...####)#
, #...###.....#.#
#...# ##....#.#
..#.. #....#@#
,......#*#....#.#
** * ,#)...#.#
#†...#.#
*...####)# ###.#
#h# * ..** #)# *
.......J..#
,...........#


You could see Natasha and an endoplasm.

Vanquished Creatures
  Sigmund (D:2)
  Natasha (twice) (D:2)
  Robin (D:2)
  2 gnolls (D:1)
  An adder (D:2)
  4 ball pythons
  2 bats (D:2)
  2 endoplasms
  A giant cockroach (D:2)
  9 goblins
  11 hobgoblins
  7 jackals (D:1)
  A kobold (D:1)
  3 quokkas
  5 frilled lizards
  3 rats
55 creatures vanquished.

Notes
Turn   | Place    | Note
-------+----------+-------------------------------------------
     0 | D:1      | mopl the Meteoran Hunter began the quest for the Orb.
     0 | D:1      | Reached XP level 1. HP: 17/17 MP: 2/2
    49 | D:1      | Reached XP level 2. HP: 23/24 MP: 3/3
   121 | D:1      | Reached skill level 1 in Armour
   121 | D:1      | Reached XP level 3. HP: 30/30 MP: 4/4
   454 | D:1      | Reached skill level 3 in Dodging
   483 | D:1      | Glimpsed the power of Zot.
   514 | D:1      | Reached XP level 4. HP: 30/37 MP: 5/5
   515 | D:1      | Reached skill level 5 in Ranged Weapons
   528 | D:1      | Glimpsed the power of Zot.
   571 | D:2      | Noticed Sigmund
   581 | D:2      | Killed Sigmund
   582 | D:2      | Reached skill level 3 in Fighting
   582 | D:2      | Reached skill level 2 in Armour
   582 | D:2      | Reached XP level 5. HP: 45/45 MP: 6/6
   582 | D:2      | Reached XP level 6. HP: 51/51 MP: 7/7
   644 | D:2      | Found Udwiet's Assorted Antiques.
   675 | D:2      | Bought a dark potion for 27 gold pieces
   675 | D:2      | Bought a smoky red potion for 27 gold pieces
   704 | D:2      | Reached skill level 6 in Ranged Weapons
   710 | D:2      | Noticed Robin
   713 | D:2      | Noticed Natasha
   721 | D:2      | Killed Robin
   722 | D:2      | Reached skill level 4 in Dodging
   758 | D:2      | Killed Natasha
   774 | D:2      | Noticed Natasha
   792 | D:2      | Killed Natasha
   793 | D:2      | Reached skill level 3 in Armour
   793 | D:2      | Reached XP level 7. HP: 11/58 MP: 8/8
   804 | D:2      | Noticed Natasha
   810 | D:2      | Killed from afar by Natasha

Illustrated notes

Levels and vault maps discovered:
D:1:      eino_arrival_cavern_b, layout_basic, minmay_pentomino_z2
D:2:      layout_basic, serial_shops, shop, uniq_sigmund, uniq_robin,
          uniq_natasha

Skill      XL: |  1  2  3  4  5  6 |
---------------+-------------------+-----
Armour         | 1 2 3 |  3.0
Dodging        | 3 4 |  4.1
Ranged Weapons | 5 6 |  6.2
Fighting       | 3 |  3.7
Stealth        | |  0.6

Action                   |  1- 3 |  4- 6 |  7- 9 || total
-------------------------+-------+-------+-------++-------
 Fire: Shortbow          |    66 |    91 |       ||   157
Armor: Leather armour    |    10 |    11 |       ||    21
Dodge: Dodged            |    34 |    40 |       ||    74

Table legend: (Time is in decaauts)
 A = Elapsed time spent in this place.
 B = Non-inter-level travel time spent in this place.
 C = Inter-level travel time spent in this place.
 D = Time resting spent in this place.
 E = Time spent auto-exploring this place.
 F = Levels seen in this place.
 G = Mean time per level.
                   A        B        C        D        E       F      G
               +--------+--------+--------+--------+--------+-----+--------+
         Total |    852 |    821 |     31 |      0 |    395 |   2 |  426.0 |
       Dungeon |    852 |    821 |     31 |      0 |    395 |   2 |  426.0 |
               +--------+--------+--------+--------+--------+-----+--------+

Top non-repeatable levels by time:
     D:1: 586 daAuts
     D:2: 266 daAuts
